 Dungeon Crawl Stone Soup version 0.19-a0-465-g1d1674b (webtiles) character file.

4200 Kidiri the Thaumaturge (level 10, -8/54 HPs)
             Began as a Deep Elf Fire Elementalist on June 3, 2016.
             Was a Priest of Vehumet.
             Mangled by a yak (9 damage)
             ... on level 8 of the Dungeon.
             The game lasted 00:39:32 (12363 turns).

Kidiri the Thaumaturge (DEFE)                      Turns: 12363, Time: 00:39:33

Health: -8/54      AC:  4    Str:  8    XL:     10   Next: 8%
Magic:  18/25      EV: 15    Int: 24    God:    Vehumet [***...]
Gold:   426        SH:  3    Dex: 15    Spells: 8 memorised, 3 levels left

rFire  . . .     SeeInvis +     E - +1 scimitar "Deipri Fet" {slice, rN+ Str+3}
rCold  . . .     Gourm    .     a - +0 robe
rNeg   + . .     Faith    .     (no shield)
rPois  .         Spirit   .     (helmet restricted)
rElec  .         Dismiss  .     k - +1 cloak
rCorr  .         Reflect  +     (no gloves)
SustAt .         Harm     .     (no boots)
MR     +....                    i - +3 amulet of reflection
Stlth  ++........               (no ring)
                                p - ring of see invisible

@: somewhat resistant to hostile enchantments, unstealthy
A: horns 1, molten scales 1, deformed body
a: Renounce Religion


You were on level 8 of the Dungeon.
You worshipped Vehumet.
Vehumet was most pleased with you.
You were not hungry.

You visited 2 branches of the dungeon, and saw 9 of its levels.
You also visited: Ossuary.

You collected 426 gold pieces.

Inventory:

Hand Weapons
 e - a +1 dagger
 E - the +1 scimitar "Deipri Fet" (weapon) {slice, rN+ Str+3}
   (You found it on level 6 of the Dungeon)

   It inflicts extra damage upon your enemies.
   It affects your strength (+3).
   It protects you from negative energy.
Armour
 a - a +0 robe (worn)
 k - a +1 cloak (worn)
 o - a +0 leather armour
Jewellery
 i - a +3 amulet of reflection (around neck)
 p - a ring of see invisible (left hand)
Wands
 b - a wand of confusion (19/48)
 j - a wand of enslavement (1/24)
 q - a wand of lightning (6/15)
 F - a wand of disintegration (11/24)
Scrolls
 l - 2 scrolls of teleportation
 m - 4 scrolls of remove curse
 y - a scroll of amnesia
Potions
 d - a potion of cancellation
 f - 3 potions of heal wounds
 r - 3 potions of lignification
 s - a potion of brilliance
 t - 3 potions of haste
 w - a potion of flight {unknown}
 x - a potion of beneficial mutation {unknown}
 z - 4 potions of curing {unknown}
 A - a potion of ambrosia {unknown}
 B - a potion of invisibility {unknown}
 C - a potion of resistance
Comestibles
 c - 7 bread rations
 h - 4 chunks of flesh
 n - a meat ration


   Skills:
 + Level 2.7 Fighting
 + Level 3.5 Short Blades
 + Level 3.1 Armour
 + Level 5.0 Dodging
 - Level 2.4 Stealth
 + Level 2.8 Unarmed Combat
 * Level 9.1 Spellcasting
 * Level 7.2 Conjurations
 * Level 8.1 Fire Magic
 + Level 3.2 Evocations


You had 3 spell levels left.
You knew the following spells:

 Your Spells              Type           Power        Failure   Level  Hunger
a - Flame Tongue          Conj/Fire      #####        1%          1    None
b - Throw Flame           Conj/Fire      #####.       1%          2    None
c - Conjure Flame         Conj/Fire      #####...     1%          3    None
d - Inner Flame           Hex/Fire       ####....     1%          3    None
e - Sticky Flame          Conj/Fire      #####...     1%          4    ##.....
f - Fireball              Conj/Fire      #####.....   2%          5    ####...
g - Stone Arrow           Conj/Erth      ####..       1%          3    None
h - Ignite Poison         Fire/Tmut/Pois ###.....     2%          3    None


Dungeon Overview and Level Annotations

Branches:
Dungeon (8/15)             Temple (1/1) D:6
   Lair: D:8-11

Altars:
Ashenzari
Cheibriados
Dithmenos
Elyvilon
Fedhas
Gozag
Hepliaklqana
Kikubaaqudgha
Makhleb
Nemelex Xobeh
Okawaru
Pakellas
Qazlal
Ru
Sif Muna
Trog
Uskayaw
Vehumet
Xom
Yredelemnul
Zin
The Shining One

Shops:
D:5 [


Innate Abilities, Weirdness & Mutations

You have a pair of small horns on your head.
You are partially covered in molten scales. (AC +1)
Armour fits poorly on your strangely shaped body.


Message History

The yak is almost dead.
The yak burns!
You kill the yak!
Vehumet accepts your kill.
Your Dodging skill increases to level 5!
Casting: Sticky Flame
Confirm with . or Enter, or press ? or * to list all spells.
Aiming: Sticky Flame
Press: ? - help, Shift-Dir - straight line, f - yak
Aim: a yak The sticky flame hits the yak.
The yak is lightly wounded.
The yak is covered in liquid flames!
The yak burns!
The yak gores you!
Unknown command.
You hit the yak.
The yak is moderately wounded.
The yak burns!
The yak gores you!
* * * LOW HITPOINT WARNING * * *
The yak gores you!
You die...

..###..(.......(...5#
#.####.....####..###....
#..#...###()##..........
#####.#.###
##....###H....
..........#
###(.###.P...
........).# #<.)....P..
....<.....# #.###......
....).....# #Y# ..†.H
÷.........# #@# ....
[)........# #...# ...
[.........##...### P.
.>........##.## .
..........## ###..######
........... ...########
...#


You could see a yak (burning).

Vanquished Creatures
  A troll (D:7)
  Sigmund (D:5)
  A basilisk (D:8)
  A hippogriff (D:8)
  2 yaks (D:8)
  4 porcupines (D:8)
  3 ice beasts
  An orc warrior (D:7)
  A phantom (D:5)
  4 ogres
  2 centaurs
  2 crocodiles (D:8)
  A big kobold (D:8)
  A gnoll sergeant (D:7)
  3 killer bees (D:7)
  2 howler monkeys
  A crimson imp (D:7)
  2 giant frog zombies (D:5)
  A centaur zombie (Ossuary)
  A quasit (D:5)
  A gnoll shaman (D:8)
  3 hounds
  A centaur skeleton (D:4)
  2 giant frog skeletons (D:6)
  2 human zombies (Ossuary)
  6 orc priests
  Crazy Yiuf (D:7)
  6 orc wizards
  2 iguanas
  5 worker ants
  A big kobold zombie (Ossuary)
  A hound skeleton (D:5)
  3 mummies (Ossuary)
  A howler monkey zombie (D:7)
  10 gnolls
  9 adders
  3 river rats (D:8)
  2 shadow imps
  An ooze (D:6)
  2 adder skeletons
  2 worms
  4 dart slugs
  3 giant geckos
  30 orcs
  7 giant cockroaches
  A gnoll zombie (Ossuary)
  8 goblins
  3 hobgoblins
  17 jackals
  5 quokkas
  9 bats
  A giant gecko zombie (D:5)
  4 giant newts
  A goblin zombie (Ossuary)
  10 kobolds
  A kobold zombie (Ossuary)
  An orc zombie (Ossuary)
  A quokka skeleton (D:4)
  11 rats
  2 fungi
  5 plants
223 creatures vanquished.

Vanquished Creatures (others)
  A hobgoblin (D:1)
1 creature vanquished.

Grand Total: 224 creatures vanquished

Notes
Turn   | Place    | Note
--------------------------------------------------------------
     0 | D:1      | Kidiri the Deep Elf Fire Elementalist began the quest for the Orb.
     0 | D:1      | Reached XP level 1. HP: 10/10 MP: 6/6
     0 | D:1      | Noticed a large abomination
     0 | D:1      | Noticed an iron dragon
     1 | D:1      | Noticed a purple draconian
     1 | D:1      | Noticed a shadow dragon
     3 | D:1      | Noticed an iron dragon
     3 | D:1      | Noticed a yellow draconian
     5 | D:1      | Noticed a shadow dragon
     6 | D:1      | Noticed an ice dragon
     7 | D:1      | Noticed a white draconian
     8 | D:1      | Noticed a shadow dragon
    10 | D:1      | Noticed an ice dragon
    10 | D:1      | Noticed an orb of fire
    12 | D:1      | Noticed a black draconian
    12 | D:1      | Noticed a shadow dragon
    15 | D:1      | Noticed an ice dragon
    15 | D:1      | Noticed a tentacled monstrosity
    17 | D:1      | Noticed an orb of fire
    17 | D:1      | Noticed a shadow dragon
    19 | D:1      | Noticed a green draconian
   403 | D:1      | Reached XP level 2. HP: 15/15 MP: 3/8
   407 | D:1      | Learned a level 2 spell: Throw Flame
  1295 | D:1      | Reached XP level 3. HP: 19/19 MP: 3/10
  1300 | D:1      | Learned a level 3 spell: Conjure Flame
  1304 | D:1      | Learned a level 3 spell: Inner Flame
  1636 | D:2      | Gained mutation: You are partially covered in molten scales. (AC +1) [potion of mutation]
  1636 | D:2      | Gained mutation: You have a pair of small horns on your head. [potion of mutation]
  1636 | D:2      | Gained mutation: Armour fits poorly on your strangely shaped body. [potion of mutation]
  1807 | D:2      | Reached skill level 4 in Spellcasting
  2208 | D:1      | Reached XP level 4. HP: 24/24 MP: 6/12
  3041 | D:3      | Found a burning altar of Makhleb.
  3042 | D:3      | Found a radiant altar of Vehumet.
  3273 | D:3      | Reached XP level 5. HP: 28/28 MP: 8/13
  3365 | D:3      | Found a deep blue altar of Sif Muna.
  3548 | D:3      | Became a worshipper of Vehumet
  3554 | D:3      | Learned a level 4 spell: Sticky Flame
  3583 | D:3      | Found a hide-covered altar of Uskayaw.
  3583 | D:3      | Noticed an ogre
  3587 | D:3      | Killed an ogre
  3587 | D:3      | Reached skill level 5 in Spellcasting
  3587 | D:3      | Reached skill level 5 in Fire Magic
  3627 | D:3      | Found a shadowy altar of Dithmenos.
  3627 | D:3      | Found a hazy altar of Hepliaklqana.
  3627 | D:3      | Found a white marble altar of Elyvilon.
  3629 | D:3      | Found a shimmering altar of Xom.
  3629 | D:3      | Found an oddly glowing altar of Pakellas.
  4281 | D:4      | Reached XP level 6. HP: 32/32 MP: 5/16
  4952 | D:4      | Reached skill level 1 in Evocations
  5886 | D:5      | Entered Level 5 of the Dungeon
  5901 | D:5      | Reached * piety under Vehumet
  5901 | D:5      | Offered knowledge of Sandblast by Vehumet.
  5901 | D:5      | Reached XP level 7. HP: 37/37 MP: 6/17
  5902 | D:5      | Found a bloodstained altar of Trog.
  5945 | D:5      | Noticed Sigmund
  6033 | D:5      | Killed Sigmund
  6033 | D:5      | Reached skill level 1 in Fighting
  6033 | D:5      | Reached skill level 1 in Armour
  6082 | D:5      | Reached skill level 1 in Short Blades
  6082 | D:5      | Reached skill level 1 in Unarmed Combat
  6100 | D:5      | Reached skill level 6 in Spellcasting
  6319 | D:5      | Found Heesie's Antique Armour Boutique.
  6374 | D:5      | Found a sand-covered staircase.
  6383 | Ossuary  | Entered an ossuary
  6435 | Ossuary  | Reached skill level 5 in Conjurations
  6602 | Ossuary  | Reached XP level 8. HP: 43/43 MP: 13/19
  6609 | Ossuary  | Learned a level 5 spell: Fireball
  8099 | D:6      | Got a smoking scimitar
  8100 | D:6      | Identified the cursed +1 scimitar "Deipri Fet" {slice, rN+ Str+3} (You found it on level 6 of the Dungeon)
  8316 | D:6      | Offered knowledge of Freeze by Vehumet.
  8317 | D:6      | Reached ** piety under Vehumet
  8322 | D:6      | Reached skill level 7 in Spellcasting
  8551 | D:6      | Learned a level 3 spell: Stone Arrow
  8680 | D:6      | Found a stormy altar of Qazlal.
  8836 | D:6      | Found a staircase to the Ecumenical Temple.
  8845 | Temple   | Entered the Ecumenical Temple
  9556 | D:7      | Noticed a troll
  9572 | D:7      | Killed a troll
  9748 | D:7      | Reached XP level 9. HP: 25/48 MP: 9/22
 10626 | D:7      | Reached skill level 8 in Spellcasting
 11135 | D:7      | Noticed Crazy Yiuf
 11140 | D:7      | Killed Crazy Yiuf
 11451 | D:8      | Offered knowledge of Throw Frost by Vehumet.
 11611 | D:8      | Reached *** piety under Vehumet
 12125 | D:8      | Offered knowledge of Ignite Poison by Vehumet.
 12130 | D:8      | Learned a level 3 spell: Ignite Poison
 12175 | D:8      | Reached skill level 9 in Spellcasting
 12175 | D:8      | Reached XP level 10. HP: 22/54 MP: 16/25
 12361 | D:8      | Reached skill level 5 in Dodging
 12363 | D:8      | HP: 1/54 [yak (17)]
 12363 | D:8      | Mangled by a yak

Vault maps used:
D:1:      shiori_arrival_whats_in_store_for_you
D:3:      grunt_temple_overflow_open, grunt_temple_overflow_lords_of_destruction
D:5:      basic_altar, serial_shops, shop, nicolae_ossuary_entry_ruins,
          first_bread, uniq_sigmund
D:6:      lemuel_coloured_pillars_altar, minmay_temple_entry_poolview,
          minivault_1
D:7:      uniq_crazy_yiuf_cottage
D:8:      minmay_lair_entry_grove
Temple:   minmay_temple_forest_path_12
Ossuary:  ossuary_crypta

Skill      XL: |  1  2  3  4  5  6  7  8  9 10 |
---------------+-------------------------------+-----
Conjurations   | 2 3 4 5 6 7 |  7.2
Spellcasting   | 4 5 6 7 9 |  9.1
Fire Magic     | 4 5 6 8 |  8.1
Evocations     | 1 2 3 |  3.2
Fighting       | 1 2 |  2.7
Armour         | 1 2 3 |  3.1
Short Blades   | 1 2 3 |  3.5
Unarmed Combat | 1 2 |  2.8
Dodging        | 3 4 5 |  5.0
Stealth        | |  2.4

Action                   |  1- 3 |  4- 6 |  7- 9 | 10-12 || total
-------------------------+-------+-------+-------+-------++-------
Melee: Unarmed           |     1 |       |       |       ||     1
       Club              |     3 |       |       |       ||     3
       Dagger            |     4 |    29 |    19 |       ||    52
       Headbutt          |       |     5 |    11 |     1 ||    17
       Scimitar          |       |       |    48 |     4 ||    52
       Punch             |       |       |     1 |       ||     1
Throw: Tomahawk          |       |     1 |       |       ||     1
 Cast: Flame Tongue      |    39 |    53 |   178 |     7 ||   277
       Throw Flame       |    27 |    40 |    57 |     1 ||   125
       Conjure Flame     |       |     2 |     5 |     1 ||     8
       Inner Flame       |       |     1 |     2 |       ||     3
       Sticky Flame      |       |     1 |    29 |     4 ||    34
       Fireball          |       |       |     9 |       ||     9
       Stone Arrow       |       |       |     1 |       ||     1
  Use: Scroll            |     4 |     4 |    19 |     1 ||    28
       Potion            |     1 |     1 |     2 |       ||     4
 Stab: Sleeping          |     2 |     1 |     2 |       ||     5
       Distracted        |     1 |       |       |       ||     1
  Eat: Chunk             |     4 |     8 |    15 |     1 ||    28
       Fruit             |       |    11 |     1 |       ||    12
       Beef jerky        |       |       |     2 |       ||     2
Armor: Robe              |     3 |     8 |    37 |       ||    48
Dodge: Dodged            |    22 |    30 |    97 |     2 ||   151
Block: Other             |     3 |     4 |    26 |     1 ||    34
       Reflection        |     1 |       |     1 |       ||     2
